 Dungeon Crawl Stone Soup version 0.29.1-15-g9cfb28693d (webtiles) character file.

Game seed: 14807781918867288986

29782 Peloso the Carver (level 13, -3/118 HPs)
             Began as a Minotaur Fighter on Mar 13, 2023.
             Was a High Priest of Okawaru.
             Killed by divine providence
             ... invoked by an orc priest
              (14 damage)
             ... on level 2 of the Orcish Mines.
             The game lasted 00:48:41 (25590 turns).

Peloso the Carver (Minotaur Fighter)               Turns: 25590, Time: 00:48:41

Health: -3/118     AC: 22    Str: 29    XL:     13   Next: 17%
Magic:  14/14      EV: 10    Int:  5    God:    Okawaru [*****.]
Gold:   2586       SH: 13    Dex: 13    Spells: 12/12 levels left

rFire   + . .      SeeInvis .   b - +2 long sword
rCold   . . .      Faith    .   d - +2 kite shield
rNeg    . . .      Spirit   .   Q - +2 chain mail {rF+}
rPois   .          Reflect  .   L - +2 hat {Will+}
rElec   .          Harm     .   (no cloak)
rCorr   .          Rampage  .   y - +0 pair of gloves
Will    +....                   (no boots)
Stlth   ..........              (no amulet)
HPRegen 0.29/turn               H - +6 ring of strength
MPRegen 0.14/turn               k - +4 ring of protection

@: studying Ranged Weapons
A: horns 2, retaliatory headbutt
a: Renounce Religion, Heroism, Finesse, Duel


You were on level 2 of the Orcish Mines.
You worshipped Okawaru.
Okawaru was extremely pleased with you.
You visited 4 branches of the dungeon, and saw 17 of its levels.
You also visited: Bailey.

You collected 2586 gold pieces.

Inventory:

Hand Weapons
 a - a +1 long sword of protection
 b - a +2 long sword (weapon)
 c - a +2 whip of flaming
Armour
 d - a +2 kite shield (worn)
 y - a +0 pair of gloves (worn)
 L - a +2 hat of willpower (worn)
 Q - a +2 chain mail of fire resistance (worn)
 S - +0 swamp dragon scales
Jewellery
 e - a ring of poison resistance
 k - a +4 ring of protection (right hand)
 n - a ring of flight
 p - a +6 ring of intelligence
 q - a ring of positive energy
 w - a +4 ring of protection
 x - a ring of ice
 A - a ring of fire
 D - a ring of protection from fire
 H - a +6 ring of strength (left hand)
 J - a ring of protection from cold
 P - a +4 ring of protection
 R - a ring of willpower
Wands
 z - a wand of paralysis (3)
 G - a wand of polymorph (15)
 I - a wand of flame (14)
 K - a wand of roots (12)
Scrolls
 h - a scroll of enchant armour
 i - 3 scrolls of identify
 r - a scroll of magic mapping
 t - a scroll of teleportation
 C - 2 scrolls of poison
 E - a scroll of brand weapon
 F - a scroll of fog
 M - a scroll of silence
 T - a scroll of amnesia
Potions
 f - a potion of might
 g - 6 potions of curing
 j - 5 potions of flight
 l - 6 potions of resistance
 m - 2 potions of brilliance
 o - a potion of haste
 s - 4 potions of mutation
 u - 2 potions of ambrosia
 v - 2 potions of magic
 B - a potion of invisibility
 N - a potion of cancellation
Miscellaneous
 O - a phial of floods


   Skills:
 + Level 12.0 Fighting
 + Level 14.9 Long Blades
 + Level 1.3 Maces & Flails
 + Level 1.0 Throwing
 + Level 14.4 Armour
 + Level 4.6 Dodging
 + Level 2.5 Stealth
 + Level 11.0 Shields
 + Level 3.5 Invocations
 + Level 2.5 Evocations


You had 12 spell levels left.
You didn't know any spells.
Your spell library contained the following spells:

 Spells                   Type           Power      Damage    Failure   Level
 Shock                    Conj/Air       0%         1d3       98%         1
 Conjure Flame            Conj/Fire      0%         6-21      100%        3
 Frozen Ramparts          Ice            0%         1d1       100%        3
 Ignite Poison            Fire/Tmut/Pois 0%         N/A       100%        3
 Swiftness                Air            0%         N/A       100%        3
 Airstrike                Air            0%         2d(0-16)  100%        4
 Ice Form                 Ice/Tmut       0%         N/A       100%        4
 Sticky Flame             Conj/Fire      0%         2d3       100%        4
 Summon Ice Beast         Ice/Summ       Unusable   N/A       N/A         4

Dungeon Overview and Level Annotations

Branches:
Dungeon (12/15)            Temple (1/1) D:5            Lair (2/5) D:8
 Spider (0/4) Lair:2          Orc (2/2) D:9             Elf (0/3) Orc:2
 Bailey (visited)
  Swamp: Lair:2-3    Shoals: Lair:2-3

Altars:
Ashenzari
Cheibriados
Dithmenos
Elyvilon
Fedhas
Gozag
Hepliaklqana
Kikubaaqudgha
Makhleb
Nemelex Xobeh
Okawaru
Qazlal
Ru
Sif Muna
Trog
Uskayaw
Vehumet
Wu Jian
Xom
Yredelemnul
Zin
The Shining One

Shops:
Orc:2 [

Annotations:
Lair:1 2 transporters, Caczuus's ghost, novice SpEE


Innate Abilities, Weirdness & Mutations

You have a pair of horns on your head.
You reflexively headbutt those who attack you in melee.


Message History

You feel very sick.
The orc priest hits you but does no damage.
You are more poisoned.
You block the orc wizard's attack. The orc closely misses you.
Your base Fighting skill increases to level 12!
You feel very sick.
The orc priest begins to cast a cantrip, but forgets the words!
Things that are here:
a +0 dagger; a +0 robe; an orc corpse Unknown command.
The orc priest attacks as you move away!
The orc priest hits you but does no damage.
You are more poisoned.
You feel very sick.
You feel very sick.
Items here: )) [ †.
You hit the orc priest but do no damage.
The orc priest is moderately wounded.
You feel very sick.
The orc priest mumbles some strange prayers to Beogh against you.
Beogh smites you!
* * * LOW HITPOINT WARNING * * *
The orc priest hits you but does no damage.
You are lethally poisoned!
You feel better.
The orc priest hits you but does no damage.
You block the orc wizard's attack.
You feel like a meek peon again.
The orc priest mumbles some strange prayers to Beogh against you.
Beogh smites you!
* * * LOW HITPOINT WARNING * * *
The orc priest invokes the aid of Beogh against you.
Beogh smites you!
* * * LOW HITPOINT WARNING * * *
The orc wizard mumbles some strange words.
The orc wizard flickers and vanishes!
Deactivating autopickup; reactivate with Ctrl-A.
You feel better.
The orc priest invokes the aid of Beogh against you.
Beogh smites you!
You die...

##.## ## ## #.##
#...## #..###.##...
###. #....###
....#...^..##.#..
.......##
..^...#.........
...#....#
#..............
.......##
#......#..#...
..)#<###
#######o#..)#......
...###
##.......{.).......#
....##
##..@.o.oo.o.........
.#...#
#...######...######..
....##
#..##.............
....##
#.##..............
.....##
#)#......#####.....
......## #)#......
..... .......#
###.#.....# #....
.......####.#.#....#
#...
#.....###.....#..#.


You could see an orc warrior, 2 orc priests and 2 orcs.

Vanquished Creatures
  Gastronok (D:9)
  Erolcha (D:10)
  Harold (D:10)
  2 hydras
  2 boulder beetles
  A two-headed ogre (D:9)
  Nergalle (D:12)
  An orc high priest (Orc:2)
  Pikel (D:8)
  A deep elf pyromancer (D:12)
  3 orc sorcerers (Orc:2)
  An ugly thing (D:12)
  A cyclops (Orc:1)
  2 manticores (D:11)
  2 cane toads
  3 gargoyles (D:12)
  Maggie (Lair:1)
  Psyche (D:9)
  3 komodo dragons
  4 trolls
  Grinder (D:5)
  3 hornets
  20 yaks
  A vampire (D:12)
  Eustachio (D:4)
  A wraith (D:10)
  5 wyverns
  3 vampire mosquitoes (D:12)
  Grum (D:9)
  3 steam dragons
  2 wargs
  Edmund (D:5)
  2 acid dragons
  6 water moccasins
  28 orc warriors
  Duvessa (D:4)
  7 black bears
  2 sky beasts
  3 ogres
  9 wolves
  3 centaurs
  A lemure (D:8)
  A kobold brigand (D:9)
  A phantom (D:6)
  6 bullfrogs
  2 necrophages
  3 gnoll sergeants
  5 scorpions
  14 wights
  Dowan (D:4)
  6 killer bees (D:9)
  5 electric eels
  2 jellies
  3 howler monkeys
  3 lava snakes
  7 hounds
  21 orc priests
  4 iguanas
  25 orc wizards
  Natasha (D:4)
  Robin (D:4)
  25 gnolls
  5 adders
  2 white imps
  3 ufetubi
  A worm (D:3)
  A dart slug (D:2)
  66 orcs
  9 bats
  5 endoplasms
  5 giant cockroaches
  22 goblins
  8 hobgoblins
  5 jackals
  6 quokkas
  11 ball pythons
  A frilled lizard (D:1)
  24 kobolds
  10 rats
457 creatures vanquished.

Vanquished Creatures (others)
  3 orc wizards
  3 fungi
  9 plants (Lair:1)
  6 toadstools (D:11)
21 creatures vanquished.

Grand Total: 478 creatures vanquished

Notes
Turn   | Place    | Note
-------+----------+-------------------------------------------
     0 | D:1      | Peloso the Minotaur Fighter began the quest for the Orb.
     0 | D:1      | Reached XP level 1. HP: 19/19 MP: 0/0
   236 | D:1      | Reached XP level 2. HP: 26/27 MP: 1/1
   782 | D:1      | Reached XP level 3. HP: 29/30 MP: 2/2
  1051 | D:2      | Found a faded altar of an unknown god.
  1200 | D:2      | Reached XP level 4. HP: 38/40 MP: 3/3
  1245 | D:2      | Reached skill level 1 in Dodging
  1483 | D:2      | Reached skill level 5 in Armour
  1747 | D:2      | Reached XP level 5. HP: 46/46 MP: 4/4
  3111 | D:4      | Noticed Duvessa
  3111 | D:4      | Noticed Dowan
  3138 | D:4      | Killed Duvessa
  3151 | D:4      | Killed Dowan
  3152 | D:4      | Reached XP level 6. HP: 45/53 MP: 5/5
  3231 | D:4      | Reached skill level 5 in Long Blades
  3252 | D:4      | You fall into a shaft and drop 1 floor!
  3252 | D:5      | Entered Level 5 of the Dungeon
  3276 | D:5      | Reached skill level 1 in Stealth
  3543 | D:5      | Reached XP level 7. HP: 52/60 MP: 6/6
  3683 | D:5      | Reached skill level 5 in Fighting
  3834 | D:5      | Found a staircase to the Ecumenical Temple.
  4280 | Temple   | Entered the Ecumenical Temple
  4376 | D:4      | Reached XP level 8. HP: 53/70 MP: 7/7
  4475 | D:4      | Noticed Robin
  4482 | D:4      | Noticed Edmund
  4510 | D:5      | Killed Edmund
  4643 | D:4      | Noticed Grinder
  4690 | D:4      | Paralysed by Grinder for 2 turns
  4752 | D:4      | Noticed Eustachio
  4778 | D:5      | Paralysed by Grinder for 5 turns
  4797 | D:5      | Killed Grinder
  4909 | D:4      | Killed Robin
  4953 | D:4      | Killed Eustachio
  4954 | D:4      | Reached skill level 5 in Shields
  5743 | D:4      | Noticed Natasha
  5747 | D:4      | Killed Natasha
  5749 | D:4      | Found a sacrificial altar of Ru.
  5751 | D:4      | Found an ornate altar of the Wu Jian Council.
  5751 | D:4      | Found an iron altar of Okawaru.
  5840 | D:4      | Became a worshipper of Warmaster Okawaru
  6119 | D:6      | Reached XP level 9. HP: 22/78 MP: 8/8
  6832 | D:6      | Reached * piety under Okawaru
  7469 | D:7      | Found a shadowy altar of Dithmenos.
  7739 | D:7      | HP: 2/78 [orc priest/divine providence (13)]
  7749 | D:7      | Reached skill level 10 in Armour
  8515 | D:7      | Reached skill level 10 in Long Blades
  8806 | D:8      | Reached ** piety under Okawaru
  8828 | D:8      | Reached XP level 10. HP: 73/86 MP: 9/9
  8878 | D:9      | Noticed Grum
  8930 | D:9      | Killed Grum
  9059 | D:9      | Found a flagged portal.
  9282 | Bailey   | Entered a bailey
 11037 | D:8      | Reached *** piety under Okawaru
 11116 | D:8      | Found a staircase to the Lair.
 11140 | D:8      | Noticed Pikel
 11175 | D:8      | Killed Pikel
 11804 | D:8      | Found a shimmering blue altar of Sif Muna.
 11805 | D:8      | Found a broken altar of Ashenzari.
 11807 | D:8      | Found a burning altar of Makhleb.
 11808 | D:8      | Found a shimmering altar of Xom.
 11809 | D:8      | Found a radiant altar of Vehumet.
 11809 | D:8      | Found a white marble altar of Elyvilon.
 11811 | D:8      | Found a hazy altar of Hepliaklqana.
 11885 | D:9      | Found a staircase to the Orcish Mines.
 11925 | D:9      | Reached XP level 11. HP: 58/97 MP: 8/10
 11937 | D:9      | Reached **** piety under Okawaru
 12302 | D:9      | Found an ancient bone altar of Kikubaaqudgha.
 12356 | D:9      | Noticed Psyche
 12358 | D:9      | Noticed Gastronok
 12399 | D:9      | Reached skill level 1 in Evocations
 12410 | D:9      | Killed Psyche
 12972 | D:9      | Noticed a two-headed ogre
 12978 | D:9      | Killed a two-headed ogre
 13476 | D:9      | Killed Gastronok
 13477 | D:9      | Reached skill level 1 in Invocations
 13795 | D:10     | Entered Level 10 of the Dungeon
 14199 | D:10     | Noticed Erolcha
 14216 | D:10     | Killed Erolcha
 14515 | D:10     | Reached skill level 10 in Fighting
 14794 | D:10     | Noticed Harold
 14820 | D:10     | Killed Harold
 14820 | D:10     | Received a gift from Okawaru
 15965 | D:11     | Received a gift from Okawaru
 15966 | D:11     | Reached XP level 12. HP: 86/107 MP: 13/13
 16610 | Lair:1   | Entered Level 1 of the Lair of Beasts
 16654 | Lair:1   | Noticed Caczuus's ghost (novice SpEE)
 16894 | Lair:1   | Noticed Maggie
 16923 | Lair:1   | Killed Maggie
 16968 | Lair:1   | Noticed a boulder beetle
 17109 | Lair:1   | Noticed a four-headed hydra
 17126 | Lair:1   | HP: 2/108 [four-headed hydra (8)]
 17131 | Lair:1   | Killed a four-headed hydra
 17636 | Lair:1   | Found a transporter.
 17643 | Lair:1   | Found a bloodstained altar of Trog.
 17807 | Lair:1   | HP: 5/108 [boulder beetle (47)]
 18045 | Lair:1   | Killed a boulder beetle
 18415 | Lair:1   | Found a transporter.
 19652 | Lair:2   | Noticed a boulder beetle
 19700 | Lair:2   | Killed a boulder beetle
 19909 | Lair:2   | Noticed a four-headed hydra
 19921 | Lair:2   | Killed a four-headed hydra
 19922 | Lair:2   | Reached skill level 1 in Maces & Flails
 20117 | Lair:2   | Reached skill level 1 in Throwing
 20307 | Lair:2   | Found a hole to the Spider Nest.
 20536 | Orc:1    | Entered Level 1 of the Orcish Mines
 21526 | Orc:1    | You fall into a shaft and drop 1 floor!
 21526 | Orc:2    | Entered Level 2 of the Orcish Mines
 21560 | Orc:2    | Reached skill level 10 in Shields
 21575 | Orc:2    | Found a staircase to the Elven Halls.
 22634 | Orc:2    | Noticed an orc high priest
 23692 | D:12     | Noticed Nergalle
 23717 | D:12     | Killed Nergalle
 23748 | D:12     | Identified the +1 hat of Undesirable Species {rC+ MP+9
                  | Dex-5}
 24077 | D:12     | Reached XP level 13. HP: 116/117 MP: 14/14
 25234 | Orc:2    | Found Serad's Armour Emporium.
 25382 | Orc:2    | Reached ***** piety under Okawaru
 25588 | Orc:2    | HP: 4/118 [orc priest/divine providence (13)]
 25590 | Orc:2    | Killed from afar by an orc priest

Illustrated notes

Levels and vault maps discovered:
D:1:      dpeg_arrival_pits, layout_basic
D:2:      layout_loops_ring, nicolae_ecumenical_snake_handling,
          minmay_pentomino_pile
D:3:      layout_basic, nicolae_elevator_lobby_plus
D:4:      layout_cave_pools, minitemple, hex_tiny, grunt_ministairs_1,
          kennysheep_windowed_goal, uniq_edmund, uniq_robin, uniq_grinder,
          uniq_natasha, uniq_eustachio, uniq_duvessa
D:5:      layout_loops_ring, minmay_temple_entry_trees,
          kennysheep_generic_room_16
D:6:      layout_basic, grunt_ministairs_15, minivault_11,
          minmay_misc_feat_hallway
D:7:      layout_rooms, nicolae_dithmenos_shadow_blocks, kennysheep_path_1
D:8:      layout_rooms, grunt_temple_overflow_open, erik_lair_island, uniq_pikel
D:9:      layout_irregular_city, mainiacjoe_overflow_brackets,
          david_orc_1_choice, enter_bailey_8, serial_column_ruins,
          column_ruins_hut, column_ruins_open_small,
          column_ruins_columns_straight, column_ruins_columns_dead_end,
          column_ruins_grid_1, column_ruins_open_medium, column_ruins_grid_3,
          kennysheep_generic_room_4, uniq_gastronok, uniq_grum, uniq_psyche
D:10:     layout_basic, hangedman_abyss_or_decor_stagger, uniq_erolcha,
          uniq_harold
D:11:     layout_grid_maze, minmay_gold_behind_fungi
D:12:     layout_roguey, uniq_nergalle
Temple:   eino_wide_crystal_templ
Lair:1:   layout_cave_pods, gammafunk_ghost_wrathful_warriors,
          beast_lair_carwin_1, serial_bayou_shore_a, grunt_megastairs_1,
          uniq_maggie
Lair:2:   layout_concentric_octagons, nicolae_spider_entry_tight_spaces
Orc:1:    layout_caves
Orc:2:    st_orc_mages, layout_caves, serial_shops, shop

Skill      XL: |  1  2  3  4  5  6  7  8  9 10 11 12 13 |
---------------+----------------------------------------+-----
Armour         | 4 5 6 8 10 11 12 14 | 14.4
Fighting       | 4 5 6 7 9 10 11 12 | 12.0
Long Blades    | 3 4 5 7 9 10 12 14 | 14.9
Dodging        | 1 2 3 4 |  4.6
Shields        | 4 5 7 8 9 10 11 | 11.0
Stealth        | 1 2 |  2.5
Evocations     | 1 2 |  2.5
Invocations    | 3 |  3.5
Maces & Flails | 1 |  1.3
Throwing       | 1 |  1.0

Action                   |  1- 3 |  4- 6 |  7- 9 | 10-12 | 13-15 || total
-------------------------+-------+-------+-------+-------+-------++-------
Melee: Long sword        |   111 |   125 |   467 |  1155 |   140 ||  1998
       Headbutt          |    16 |    21 |    84 |   308 |    31 ||   460
       Whip              |       |       |       |    17 |       ||    17
Throw: Throwing net      |       |       |       |     2 |       ||     2
Invok: Heroism           |       |       |     2 |    43 |     4 ||    49
       Finesse           |       |       |       |     1 |       ||     1
Evoke: Wand              |       |       |     4 |    19 |       ||    23
  Use: Scroll            |     8 |     2 |     3 |    18 |       ||    31
       Potion            |       |       |     4 |    11 |     2 ||    17
 Stab: Held in net/web   |       |       |       |     1 |       ||     1
Armor: Scale mail        |    70 |       |       |       |       ||    70
       Plate armour      |     4 |   138 |   436 |   345 |       ||   923
       Chain mail        |       |       |       |   337 |    66 ||   403
Dodge: Dodged            |    72 |    62 |   169 |   453 |    38 ||   794
Block: Buckler           |    43 |    43 |   151 |   339 |       ||   576
       Kite shield       |       |       |       |     9 |    85 ||    94
